 Dungeon Crawl Stone Soup version 0.28.0-53-g5a82cb258f (webtiles) character file.

Game seed: 14503591755611187343

658 tizbic2 the Covert (level 7, -6/61 HPs)
             Began as a Naga Enchanter on Aug 3, 2022.
             Mangled by an iguana (10 damage)
             ... on level 4 of the Dungeon.
             The game lasted 00:18:33 (4965 turns).

tizbic2 the Covert (Naga Enchanter)                 Turns: 4965, Time: 00:18:34

Health: -6/61      AC:  4    Str: 11    XL:     7   Next: 55%
Magic:  10/10      EV: 10    Int: 15    God:
Gold:   94         SH:  0    Dex: 13    Spells: 5/10 levels left

rFire   . . .      SeeInvis +   r - +3 dagger
rCold   . . .      Faith    .   (no shield)
rNeg    . . .      Spirit   .   b - +0 robe
rPois   +          Reflect  .   (no helmet)
rElec   .          Harm     .   w - +0 cloak
rCorr   .          Rampage  .   (no gloves)
Will    .....                   (no barding)
Stlth   ++++......              (no amulet)
HPRegen 0.20/turn               (no ring)
MPRegen 0.12/turn               (no ring)

@: very slow
A: AC +2, large, see invisible, deformed body, poison resistance, slowness 2,
spit poison 1, naga tail 1
a: Spit Poison


You were on level 4 of the Dungeon.
You visited 1 branch of the dungeon, and saw 5 of its levels.

You collected 94 gold pieces.

Inventory:

Hand Weapons
 a - a +1 dagger of flaming
 r - a +3 dagger (weapon)
Missiles
 e - 162 stones
 f - 8 boomerangs
 t - 9 poisoned darts
Armour
 b - a +0 robe (worn)
 d - a +0 chain mail
 s - a +0 ring mail
 w - a +0 cloak (worn)
 y - a +0 leather armour
Magical Staves
 x - a staff of fire
Scrolls
 h - 2 scrolls of teleportation
 k - 2 scrolls of magic mapping {unknown}
 o - a scroll of enchant armour {unknown}
 q - 2 scrolls of enchant weapon {unknown}
 u - a scroll of immolation {unknown}
Potions
 c - 2 potions of invisibility
 g - a potion of curing
 i - a potion of ambrosia
 j - 2 potions of resistance {unknown}
 l - a potion of flight {unknown}
 m - a potion of lignification {unknown}
 n - a potion of cancellation {unknown}
 p - a potion of haste
 v - 2 potions of brilliance {unknown}
 z - a potion of attraction {unknown}
 A - a potion of berserk rage {unknown}


   Skills:
 + Level 2.9 Fighting
 * Level 4.5 Short Blades
 + Level 2.4 Armour
 - Level 1.5 Dodging
 * Level 8.5 Stealth
 - Level 2.0 Spellcasting
 - Level 3.0 Hexes


You had 5 spell levels left.
You knew the following spells:

 Your Spells              Type           Power      Damage    Failure   Level
a - Ensorcelled Hibernat  Hex/Ice        12%        N/A       19%         2
b - Tukima's Dance        Hex            10%        N/A       19%         3

Your spell library contained the following spells:

 Spells                   Type           Power      Damage    Failure   Level
 Confusing Touch          Hex            10%        N/A       19%         3
 Dazzling Flash           Conj/Hex       12%        N/A       34%         3
 Leda's Liquefaction      Hex/Erth       3%         N/A       75%         4
 Lee's Rapid Deconstruct  Erth           0%         3d5*      99%         5
 Statue Form              Tmut/Erth      0%         N/A       100%        6


Dungeon Overview and Level Annotations

Branches:
Dungeon (5/15)
 Temple: D:4-7

Altars:
Hepliaklqana
Uskayaw
Beogh


Innate Abilities, Weirdness & Mutations

Your serpentine skin is tough. (AC +2)
You have supernaturally acute eyesight. (SInv)
Armour fits poorly on your strangely shaped body.
Your system is resistant to poisons. (rPois)
You cover ground very slowly.
You can spit poison.
You have a snake-like lower body.


Message History

Things that are here:
a +0 whip; a +0 robe; a gnoll corpse You start resting.
Magic restored.
You start resting.
HP restored.
There is a stone staircase leading down here.
There is a stone staircase leading down here.
You climb downwards.
There is a stone staircase leading up here.
Casting: Ensorcelled Hibernation (safe; 19% risk of failure)
Confirm with . or Enter, or press ? or * to list all spells.
Aiming: Ensorcelled Hibernation (safe; 19% risk of failure)
Press: ? - help, Shift-Dir - straight line, f - iguana
Aim: an iguana (wandering, hasn't noticed you, chance to affect: 49%)
The iguana hisses angrily.
The iguana looks drowsy...
The gnoll hits you with a +0 flail!
The iguana hisses angrily.
The gnoll hits you with a +0 flail. The iguana bites you.
The gnoll hits you with a +0 flail.
The iguana bites you but does no damage.
You barely miss the iguana.
The gnoll shouts!
The gnoll closely misses you. The gnoll hits you with a +0 flail.
The iguana bites you!
There is a stone staircase leading up here.
The iguana bites you. The gnoll hits you with a +0 flail!
* * * LOW HITPOINT WARNING * * *
You climb upwards.
There is a stone staircase leading down here.
The iguana closely misses you. The gnoll hits you with a +0 flail.
* * * LOW HITPOINT WARNING * * *
The iguana bites you!
* * * LOW HITPOINT WARNING * * *
The gnoll barely misses you.
You feel better. The gnoll hits you with a +0 flail.
* * * LOW HITPOINT WARNING * * *
The iguana bites you!
You die...

###....### ##..#########≈≈≈≈≈
####.....### ##...........####'#
......#....####.....#######.....#
#..#........#.........# #......
#..#.....#............# #...###
#..#..#...............# #####
####..#.....>.........#
#..#..#..#.....g......#
#..####..#.....l@.....#
#..#..#..#..#...>.<...#
)..#..####..#...[.....#
...#..#..#..#........##
......#..####.#......#
......#..#..#.####..##
.........#..#.# ####
.........#..#.# ..............#


You could see an iguana and a gnoll.

Vanquished Creatures
  An ogre (D:5)
  A centaur (D:5)
  A phantom (D:3)
  A water moccasin skeleton (D:4)
  4 hounds
  A gnoll shaman (D:4)
  An iguana (D:5)
  A hound skeleton (D:4)
  6 adders
  A white imp (D:5)
  3 worms
  3 dart slugs
  9 orcs
  6 ball pythons
  5 endoplasms
  2 giant cockroaches
  8 hobgoblins
  5 kobolds
  2 quokkas (D:1)
  4 bats
  5 frilled lizards
  11 goblins
  4 rats
85 creatures vanquished.

Vanquished Creatures (collateral kills)
  An orc priest (D:3)
  3 orcs
4 creatures vanquished.

Vanquished Creatures (others)
  4 dancing weapons
4 creatures vanquished.

Grand Total: 93 creatures vanquished

Notes
Turn   | Place    | Note
-------+----------+-------------------------------------------
     0 | D:1      | tizbic2 the Naga Enchanter began the quest for the Orb.
     0 | D:1      | Reached XP level 1. HP: 15/15 MP: 3/3
   318 | D:1      | Reached XP level 2. HP: 22/22 MP: 5/5
   647 | D:1      | Reached skill level 5 in Stealth
   892 | D:2      | Reached XP level 3. HP: 16/30 MP: 6/6
  1126 | D:2      | Reached skill level 1 in Fighting
  1466 | D:2      | Reached skill level 1 in Armour
  1466 | D:2      | Reached XP level 4. HP: 11/38 MP: 7/7
  1809 | D:2      | Learned a level 2 spell: Ensorcelled Hibernation
  2010 | D:2      | You fall into a shaft and drop 2 floors!
  2053 | D:4      | Reached skill level 6 in Stealth
  2095 | D:4      | Found a hide-covered altar of Uskayaw.
  2114 | D:4      | Reached XP level 5. HP: 20/45 MP: 8/8
  2118 | D:4      | Learned a level 3 spell: Tukima's Dance
  2822 | D:4      | Reached XP level 6. HP: 52/52 MP: 9/9
  3017 | D:3      | Reached skill level 7 in Stealth
  3228 | D:3      | Found a hazy altar of Hepliaklqana.
  3616 | D:3      | Found a faded altar of an unknown god.
  3937 | D:5      | Entered Level 5 of the Dungeon
  3958 | D:5      | Reached skill level 8 in Stealth
  3958 | D:5      | Reached XP level 7. HP: 22/61 MP: 0/10
  4963 | D:4      | HP: 2/61 [iguana (10)]
  4965 | D:4      | Mangled by an iguana

Illustrated notes

Levels and vault maps discovered:
D:1:      giann_horns, layout_rooms, minivault_19, minmay_misc_feat_nine_boxes
D:2:      layout_basic
D:3:      layout_rooms, nicolae_hepliaklqana_hazy_memory,
          hellmonk_ecumenical_altar_defaced_shrine
D:4:      layout_cave_pods, mainiacjoe_overflow_paths, dk_vineyard_1,
          hangedman_abyss_or_decor_stagger
D:5:      corexii_shantytown, layout_loops_ring

Skill      XL: |  1  2  3  4  5  6 |
---------------+-------------------+-----
Stealth        | 5 6 8 |  8.5
Fighting       | 1 2 |  2.9
Short Blades   | 2 3 4 |  4.5
Armour         | 1 2 |  2.4
Dodging        | |  1.5
Spellcasting   | |  2.0
Hexes          | |  3.0

Action                   |  1- 3 |  4- 6 |  7- 9 || total
-------------------------+-------+-------+-------++-------
Melee: Dagger            |    57 |   128 |    46 ||   231
       Punch             |       |     1 |     1 ||     2
 Cast: Ensorcelled Hiber |       |    28 |     6 ||    34
       Tukima's Dance    |       |     6 |     9 ||    15
 Abil: Spit Poison       |    30 |    12 |     4 ||    46
  Use: Scroll            |     1 |     3 |     1 ||     5
       Potion            |       |       |     2 ||     2
 Stab: Sleeping          |       |    24 |     2 ||    26
Armor: Chain mail        |    34 |     8 |       ||    42
       Robe              |       |    31 |    10 ||    41
       Ring mail         |       |     4 |       ||     4
Dodge: Dodged            |     5 |    79 |    24 ||   108
